 Dungeon Crawl Stone Soup version 0.32-a0-42-ga30500b4d3 (webtiles) character file.

Game seed: 11591390029990022768

122688 pokeman the Sorcerer (level 16, 0/93 HPs)
             Began as a Deep Elf Hedge Wizard on Jan 29, 2024.
             Was a High Priest of Vehumet.
             Hit by a silver javelin thrown by a merfolk javelineer (2 damage)
             ... on level 4 of the Shoals on Jan 30, 2024.
             The game lasted 01:15:39 (29846 turns).

pokeman the Sorcerer (Deep Elf Hedge Wizard)       Turns: 29846, Time: 01:15:40

Health: 0/93       AC:  9    Str:  7    XL:     16   Next: 35%
Magic:  39/54      EV: 13    Int: 30    God:    Vehumet [*****.]
Gold:   1278       SH:  5    Dex: 16    Spells: 23/61 levels left

rFire   + . .        W - +6 dagger of the Sea {chaos, Will+}
rCold   x . .        (no shield)
rNeg    . . .        n - +0 leather armour of Yshifru {^Contam rElec Int+2 Dex+2}
rPois   .            i - +0 helmet
rElec   +            E - +2 cloak
rCorr   .            b - +0 pair of gloves
SInv    .            (no boots)
Will    ++...        q - amulet of reflection
Stlth   +++          V - ring of fire
HPRegen 0.35/turn    H - ring of magical power
MPRegen 0.34/turn

%: reflection
@: no status effects
A: no striking features
a: Renounce Religion


You were on level 4 of the Shoals.
You worshipped Vehumet.
Vehumet was extremely pleased with you.
You visited 4 branches of the dungeon, and saw 25 of its levels.

You collected 2010 gold pieces.
You spent 732 gold pieces at shops.

Inventory:

Hand Weapons
 J - a +3 demon trident of pain
 W - the +6 dagger of the Sea (weapon) {chaos, Will+}
   (You took it off a kobold demonologist on level 8 of the Dungeon)

   Will+:     It increases your willpower.
Missiles
 D - 4 throwing nets
 L - 10 curare-tipped darts
Armour
 b - a +0 pair of gloves (worn)
 i - a +0 helmet (worn)
 n - the +0 leather armour of Yshifru (worn) {^Contam rElec Int+2 Dex+2}
   (You found it on level 3 of the Dungeon)

   Int+2:     It affects your intelligence (+2).
   Dex+2:     It affects your dexterity (+2).
   rElec:     It insulates you from electricity.
   ^Contam:   It causes magical contamination when unequipped.
 E - a +2 cloak (worn)
 G - a +0 buckler
 T - a +2 leather armour of cold resistance
Magical Staves
 F - a staff of cold
Jewellery
 h - a +6 ring of intelligence
 q - an amulet of reflection (around neck)
 v - a +6 ring of dexterity
 H - a ring of magical power (right hand)
 U - a ring of ice
 V - a ring of fire (left hand)
Wands
 o - a wand of charming (4)
 s - a wand of flame (8)
 C - a wand of iceblast (4)
 P - a wand of digging (6)
 R - a wand of acid (8)
Scrolls
 f - 15 scrolls of teleportation
 g - 2 scrolls of butterflies
 k - a scroll of immolation
 l - 7 scrolls of revelation
 m - 10 scrolls of blinking
 p - a scroll of vulnerability
 t - a scroll of enchant weapon
 u - 2 scrolls of poison
 y - a scroll of enchant armour
 z - 2 scrolls of identify
 B - a scroll of fear
 M - a scroll of fog
Potions
 a - 14 potions of curing
 d - 6 potions of magic
 e - 10 potions of heal wounds
 j - a potion of brilliance
 r - a potion of ambrosia
 w - 2 potions of might
 x - 3 potions of invisibility {unknown}
 A - 2 potions of attraction {unknown}
 I - a potion of resistance {unknown}
 K - 7 potions of haste
Miscellaneous
 c - a lightning rod (4/4)


   Skills:
 - Level 8.0 Fighting
 - Level 6.5 Armour
 - Level 4.1 Dodging
 - Level 4.2 Stealth
 + Level 6.7 Shields
 * Level 23.4 Spellcasting
 + Level 14.3 Conjurations
 - Level 1.1 Summonings
 - Level 1.1 Translocations
 + Level 13.8 Fire Magic
 - Level 1.2 Ice Magic
 - Level 1.1 Air Magic
 - Level 1.2 Earth Magic
 - Level 1.2 Alchemy
 - Level 1.2 Evocations


You had 23 spell levels left.
You knew the following spells:

 Your Spells              Type           Power      Damage    Failure   Level
a - Magic Dart            Conj           100%       1d8       0%          1
b - Mephitic Cloud        Conj/Alch/Air  62%        N/A       1%          3
c - Call Imp              Summ           82%        N/A       1%          2
d - Blink                 Tloc           82%        N/A       1%          2
e - Fireball              Conj/Fire      55%        3d21      1%          5
f - Stone Arrow           Conj/Erth      100%       3d13      1%          3
g - Starburst             Conj/Fire      55%        6d15      1%          6
h - Flame Wave            Conj/Fire      100%       2d21      1%          4
i - Iskenderun's Battles  Conj           88%        2d14      1%          5
j - Orb of Destruction    Conj           44%        9d12      1%          7

Your spell library contained the following spells:

 Spells                   Type           Power      Damage    Failure   Level
 Scorch                   Fire           100%       2d9       0%          2
 Searing Ray              Conj           100%       2d8       0%          2
 Kiss of Death            Conj/Necr      100%       2d13      1%          1
 Necrotise                Necr           100%       1d9       1%          1
 Sandblast                Erth           84%        2d18      1%          1
 Slow                     Hex            100%       N/A       1%          1
 Cigotuvi's Dreadful Rot  Necr/Alch/Air  78%        N/A       1%          2
 Dazzling Flash           Conj/Hex       100%       N/A       1%          3
 Hailstorm                Conj/Ice       70%        3d12      1%          3
 Inner Flame              Hex/Fire       86%        N/A       1%          3
 Volatile Blastmotes      Fire/Tloc      100%       2d18      1%          3
 Brom's Barrelling Bould  Conj/Erth      70%        2d8       1%          4
 Fulminant Prism          Conj/Alch      35%        3d18      1%          4
 Iskenderun's Mystic Bla  Conj/Tloc      69%        2d14      1%          4
 Sticky Flame             Fire/Alch      88%        2d13      1%          4
 Arcjolt                  Conj/Air       34%        1d44      1%          5
 Ozocubu's Armour         Ice            42%        N/A       2%          3
 Passwall                 Erth           42%        N/A       2%          3
 Summon Ice Beast         Ice/Summ       42%        N/A       2%          3
 Plasma Beam              Fire/Air       44%        2x1d58    2%          6
 Confusing Touch          Hex            35%        N/A       3%          3
 Fugue of the Fallen      Necr           35%        N/A       3%          3
 Vampiric Draining        Necr           35%        2d8       3%          3
 Manifold Assault         Tloc           41%        N/A       8%          4
 Vhi's Electric Charge    Tloc/Air       82%        N/A       8%          4
 Martyr's Knell           Necr/Summ      38%        N/A       10%         4
 Anguish                  Hex/Necr       17%        N/A       12%         4
 Animate Dead             Necr           35%        N/A       12%         4
 Cause Fear               Hex            17%        N/A       12%         4
 Dispel Undead            Necr           35%        3d15      12%         4
 Borgnjor's Vile Clutch   Necr/Erth      19%        N/A       26%         5
 Curse of Agony           Necr           35%        N/A       34%         5
 Fire Storm               Conj/Fire      55%        8d14      65%         9
 Sculpt Simulacrum        Ice/Alch       21%        N/A       75%         6
 Summon Cactus Giant      Summ           20%        N/A       77%         6
 Death Channel            Necr           17%        N/A       88%         6
 Enfeeble                 Hex            17%        N/A       100%        7
 Haunt                    Necr/Summ      19%        N/A       100%        7
 Infestation              Necr           17%        N/A       100%        8
 Maxwell's Capacitive Co  Air            20%        ∞         100%        8
 Chain Lightning          Conj/Air       34%        3d46      100%        9
 Shatter                  Erth           21%        3d19*     100%        9


Dungeon Overview and Level Annotations

Branches:
Dungeon (15/15)            Temple (1/1) D:6            Lair (5/5) D:9
 Shoals (4/4) Lair:2       Spider (0/4) Lair:3        Slime (0/5) Lair:5
    Orc (0/2) D:9          Vaults (0/5) D:14         Depths (0/4) D:15

Altars:
Ashenzari
Cheibriados
Dithmenos
Elyvilon
Fedhas
Gozag
Hepliaklqana
Kikubaaqudgha
Makhleb
Nemelex Xobeh
Okawaru
Qazlal
Ru
Sif Muna
Trog
Uskayaw
Vehumet
Wu Jian
Xom
Yredelemnul
Zin
The Shining One

Shops:
D:2 ?:=[[   D:3 !   D:7 *   D:9 =   D:10 *   D:11 (   Shoals:2 *

Annotations:
Shoals:3 3 runed translucent doors, exclusion: obsidian statue, MrSquiggles's ghost, adept MiFi; Roxanne


Message History

The silver javelin pierces through you! You block the merfolk impaler's attack.
The merfolk impaler barely misses you.
Unknown command.
Casting: Fireball (safe; 1% risk of failure)
Confirm with . or Enter, or press ? or * to list all spells.
Casting: Starburst (mildly dangerous; 1% risk of failure)
Press: ? - help, Dir - look around, f - activate You feel a surge of power!
The bolt of fire hits the plant!!!
The plant is severely damaged.
The bolt of fire hits the merfolk impaler!!!
You kill the merfolk impaler!
Vehumet accepts your kill.
You feel your power returning.
The plant is engulfed in a cloud of scalding steam. x2
The merfolk javelineer throws a silver javelin.
The silver javelin pierces through you!
The merfolk javelineer throws a silver javelin.
The silver javelin pierces through you!!
* * * LOW HITPOINT WARNING * * *
x2 A satyr comes into view. It is wielding a +0 club.
Unknown command.
Casting: Starburst (mildly dangerous; 1% risk of failure)
Confirm with . or Enter, or press ? or * to list all spells.
Aiming: Mephitic Cloud (safe; 1% risk of failure)
Press: ? - help, Shift-Dir - straight line, f - merfolk javelineer
Aim: a merfolk javelineer, wielding a +0 spear, wearing a +0 leather armour and quivering silver javelins (chance to affect: 39%)
The ball explodes into a vile cloud!
The stinking cloud engulfs the merfolk javelineer.
You hear a screech! x2
The plant is engulfed in a cloud of scalding steam.
A nearby plant withers and dies.
The plant is engulfed in a cloud of scalding steam.
A nearby plant withers and dies.
The merfolk javelineer is engulfed in noxious fumes.
The merfolk javelineer throws a silver javelin.
The silver javelin barely misses you.
The merfolk javelineer throws a silver javelin.
The silver javelin pierces through you!
* * * LOW HITPOINT WARNING * * *
You die... ~~...~~~~.~.... ~§§§§.~§~~~....
P.. §$.m.~~§~......
PPc ..☼.§..........
P.P

...............
...
.....[.........
....#...
...............
....#...
.......@......~
...S....
#.#~?........~~
........
#~~§§§...~~~~
........
P~~~§§§§§~§~~~~
~~~....~
c~~§§P#§~~~§§§~
~~~~..~~
m~~m###~~~~§~§~
.~..§).< ~φ~c
#~~~~~§.%
~.~~...% .~~
~~~~~~..#
..~..#.. ....
#..


You could see 2 merfolk javelineers and a satyr.

Vanquished Creatures
  Bai Suzhen (Shoals:4)
  Frances (D:13)
  Gastronok (Lair:1)
  Kirke (Lair:4)
  Louise (D:14)
  8 merfolk impalers
  Harold (Lair:2)
  2 ice dragons (Lair:3)
  6 hydras
  2 catoblepae
  A merfolk avatar (Shoals:3)
  6 two-headed ogres
  A death knight (D:14)
  8 centaur warriors
  A deep troll earth mage (D:15)
  A tengu warrior (Shoals:3)
  A boulder beetle (D:10)
  A demonic crawler (Lair:3)
  An occultist (D:15)
  Sonja (D:13)
  Amaemon (Lair:1)
  8 skysharks
  A fire crab (Lair:4)
  A skeletal warrior (D:14)
  10 sea snakes
  12 harpies
  The ghost of pokeman the Thaumaturge, a novice DEHW (D:7)
  A phantasmal warrior (D:14)
  Pikel (D:5)
  An orc knight (D:15)
  10 ugly things
  7 fauns
  2 deep elf pyromancers
  7 manticores
  A cyclops (shapeshifter) (D:14)
  6 cyclopes
  A meliai (shapeshifter) (D:14)
  2 water nymphs
  The ghost of GrumpyGrim72 the Magician, a novice DECj of Sif Muna (D:6)
  4 black mambas
  9 slime creatures
  4 meliai
  5 merfolk sirens
  A rust devil (D:10)
  17 elephants (Lair:5)
  An orange demon (Lair:1)
  22 cane toads
  A smoke demon (D:10)
  An ice statue (Lair:3)
  An unseen horror (D:11)
  3 kobold demonologists
  2 freezing wraiths (D:15)
  11 komodo dragons
  A rime drake (Lair:5)
  A spectral unseen horror (D:6)
  2 tengu conjurers
  12 polar bears
  12 merfolk
  4 trolls
  8 wind drakes
  2 red devils (D:10)
  A hellwing (D:9)
  6 hornets
  Prince Ribbit (D:8)
  2 dream sheep (Lair:5)
  Grinder (D:5)
  8 blink frogs
  5 snapping turtles
  6 water elementals
  13 spriggans (Lair:5)
  4 wraiths
  49 yaks
  2 steam dragons
  3 vampire mosquitoes (D:14)
  5 basilisks
  Menkaure (D:4)
  2 hogs (Lair:4)
  17 water moccasins
  An orc warrior (D:10)
  9 ice beasts
  3 black bears
  13 centaurs
  26 wolves
  3 boggarts (Lair:5)
  12 bullfrogs
  7 kobold brigands
  5 scorpions
  5 necrophages (Lair:4)
  8 wights
  9 killer bees
  4 howler monkeys
  2 electric eels (Lair:3)
  A bombardier beetle (D:5)
  2 jellies
  2 wyvern simulacra (D:7)
  3 hounds
  5 orc priests
  A centaur skeleton (D:6)
  5 iguanas
  7 orc wizards
  A killer bee simulacrum (D:7)
  10 gnolls
  5 adders
  6 white imps
  3 dart slugs
  A ribbon worm (Lair:3)
  24 orcs
  5 endoplasms
  5 giant cockroaches
  6 goblins
  6 hobgoblins
  6 quokkas
  11 ball pythons
  6 bats
  7 frilled lizards
  27 kobolds
  4 rats
636 creatures vanquished.

Vanquished Creatures (others)
  A slime creature (D:13)
1 creature vanquished.

Grand Total: 637 creatures vanquished

Notes
Turn   | Place    | Note
-------+----------+-------------------------------------------
     0 | D:1      | pokeman the Deep Elf Hedge Wizard began the quest for the
                  | Orb.
     0 | D:1      | Reached XP level 1. HP: 10/10 MP: 7/7
   409 | D:1      | Reached XP level 2. HP: 15/15 MP: 5/9
  1242 | D:2      | Found Selu's Book Shop.
  1361 | D:2      | Found Kairirips's Armour Boutique.
  1378 | D:2      | Reached skill level 5 in Spellcasting
  1378 | D:2      | Reached XP level 3. HP: 20/20 MP: 5/11
  1382 | D:2      | Learned a level 3 spell: Mephitic Cloud
  1385 | D:2      | Learned a level 2 spell: Call Imp
  1388 | D:2      | Learned a level 2 spell: Blink
  1431 | D:2      | Found Viniphomal's Antique Armour Shoppe.
  1666 | D:2      | Found Zosirerph's Jewellery Boutique.
  1963 | D:2      | Reached skill level 1 in Armour
  1999 | D:2      | Reached skill level 1 in Fighting
  2184 | D:2      | Found Hyun's Magic Scroll Emporium.
  2385 | D:2      | Reached XP level 4. HP: 25/25 MP: 5/13
  2682 | D:3      | Learned a level 4 spell: Flame Wave
  2734 | D:3      | Identified the +0 leather armour of Yshifru {^Contam rElec
                  | Int+2 Dex+2}
  3061 | D:3      | Found a burning altar of Makhleb.
  3168 | D:3      | Found Yjelukin's Distillery.
  3185 | D:3      | Bought a potion of degeneration for 10 gold pieces
  3185 | D:3      | Bought a potion of heal wounds for 50 gold pieces
  3482 | D:4      | Noticed Menkaure
  3491 | D:4      | Killed Menkaure
  3492 | D:4      | Reached skill level 6 in Spellcasting
  3492 | D:4      | Reached XP level 5. HP: 29/29 MP: 5/15
  3644 | D:4      | Identified the amulet "Egoass" {Faith rN+ Int-2 Stlth+}
  3995 | D:4      | Noticed a black bear
  4011 | D:4      | Killed a black bear
  4012 | D:4      | Reached XP level 6. HP: 28/34 MP: 1/17
  4583 | D:5      | Entered Level 5 of the Dungeon
  4611 | D:5      | Reached skill level 7 in Spellcasting
  4703 | D:5      | Noticed a water moccasin
  4706 | D:5      | Noticed a water moccasin
  4731 | D:4      | Killed a water moccasin
  4880 | D:5      | Noticed Grinder
  4896 | D:5      | Killed Grinder
  4897 | D:5      | Reached XP level 7. HP: 35/38 MP: 13/20
  5005 | D:5      | Reached skill level 1 in Fire Magic
  5061 | D:5      | Reached skill level 1 in Ice Magic
  5061 | D:5      | Reached skill level 1 in Air Magic
  5061 | D:5      | Reached skill level 1 in Earth Magic
  5061 | D:5      | Reached skill level 1 in Alchemy
  5061 | D:5      | Reached skill level 1 in Evocations
  5111 | D:5      | Reached skill level 8 in Spellcasting
  5271 | D:5      | Noticed Pikel
  5289 | D:5      | Killed Pikel
  5290 | D:5      | Reached skill level 9 in Spellcasting
  5290 | D:5      | Reached XP level 8. HP: 23/44 MP: 19/23
  5909 | D:6      | Found a runed translucent gate.
  5909 | D:6      | Found a runed translucent gate.
  5909 | D:6      | Found a runed translucent gate.
  5910 | D:6      | Noticed GrumpyGrim72's ghost (novice DECj)
  5911 | D:6      | Noticed a spectral unseen horror
  6021 | D:6      | Found a basalt altar of Yredelemnul.
  6297 | D:6      | Reached skill level 5 in Conjurations
  6412 | D:6      | Found a shimmering blue altar of Sif Muna.
  6709 | D:6      | Found a staircase to the Ecumenical Temple.
  6717 | Temple   | Entered the Ecumenical Temple
  6739 | Temple   | Became a worshipper of Vehumet
  7125 | D:7      | Reached skill level 10 in Spellcasting
  7278 | D:7      | Noticed pokeman's ghost (novice DEHW)
  7354 | D:7      | Found a runed translucent gate.
  7354 | D:7      | Found a runed translucent gate.
  7354 | D:7      | Found a runed translucent gate.
  7471 | D:7      | Found Emutseass's Elemental Accessories.
  7701 | D:7      | Reached XP level 9. HP: 48/48 MP: 17/25
  8090 | D:8      | Reached * piety under Vehumet
  8090 | D:8      | Offered knowledge of Sting by Vehumet.
  8252 | D:8      | Found a sparkling altar of Nemelex Xobeh.
  8354 | D:8      | Noticed a green ugly thing
  8378 | D:8      | Reached skill level 11 in Spellcasting
  8443 | D:8      | Found a stormy altar of Qazlal.
  8455 | D:8      | Noticed Prince Ribbit
  8459 | D:8      | Killed Prince Ribbit
  8632 | D:8      | Found a large runed translucent door.
  8632 | D:8      | Found a large runed translucent door.
  8636 | D:8      | Noticed a kobold demonologist
  8637 | D:8      | Found a shimmering altar of Xom.
  8638 | D:8      | Identified the +6 dagger of the Sea {chaos, Will+}
  8638 | D:8      | Identified the +1 robe "Zuxkasil" {rPois}
  8638 | D:8      | Noticed a kobold demonologist
  8722 | D:8      | Learned a level 6 spell: Starburst
  8850 | D:8      | Reached skill level 5 in Fire Magic
  9020 | D:9      | Found a staircase to the Lair.
  9036 | D:9      | Found an iron altar of Okawaru.
  9062 | D:9      | Reached skill level 12 in Spellcasting
  9170 | D:9      | Found a staircase to the Orcish Mines.
  9430 | D:9      | Reached XP level 10. HP: 45/56 MP: 24/28
  9556 | D:9      | Found Isil's Jewellery Emporium.
  9753 | D:10     | Entered Level 10 of the Dungeon
  9775 | D:10     | Noticed a two-headed ogre
  9781 | D:10     | Offered knowledge of Momentum Strike by Vehumet.
  9782 | D:10     | Reached ** piety under Vehumet
  9804 | D:10     | Killed a two-headed ogre
  9805 | D:10     | Reached skill level 13 in Spellcasting
  9830 | D:10     | Noticed a two-headed ogre
  9847 | D:10     | Killed a two-headed ogre
  9993 | D:10     | Noticed a rust devil
 10169 | Lair:1   | Entered Level 1 of the Lair of Beasts
 10169 | Lair:1   | Noticed Gastronok
 10169 | Lair:1   | Noticed a cane toad
 10316 | D:2      | Bought a book of Geomancy for 360 gold pieces
 10320 | D:2      | Learned a level 3 spell: Stone Arrow
 10485 | D:10     | Killed a rust devil
 10615 | D:10     | Reached skill level 14 in Spellcasting
 10619 | D:10     | Noticed a two-headed ogre
 10622 | D:10     | Noticed a smoke demon
 10639 | D:10     | Killed a smoke demon
 10661 | D:10     | Killed a two-headed ogre
 10662 | D:10     | Reached XP level 11. HP: 61/61 MP: 10/31
 10662 | D:10     | Offered knowledge of Searing Ray by Vehumet.
 10883 | D:10     | Found Muhoraer's Assorted Antiques.
 10888 | D:10     | Noticed a boulder beetle
 10949 | D:10     | Killed a boulder beetle
 11192 | D:11     | Noticed a two-headed ogre
 11200 | D:11     | Killed a two-headed ogre
 11444 | D:11     | Identified the +4 flail of Eternal Vigilance {speed, *Noise
                  | Str+6 Stlth+}
 11497 | D:11     | Reached *** piety under Vehumet
 11498 | D:11     | Reached skill level 15 in Spellcasting
 11536 | D:11     | Noticed a two-headed ogre
 11539 | D:11     | Killed a two-headed ogre
 12139 | D:11     | Found Zearotre's Weapon Emporium.
 12387 | D:10     | Bought a scroll labelled QEEHOS PEIHEO for 30 gold pieces
 12387 | D:10     | Bought a scroll labelled MUSTRA BABUSI for 30 gold pieces
 12387 | D:10     | Bought a bubbling pink potion for 27 gold pieces
 12387 | D:10     | Bought a scroll labelled QEEHOS PEIHEO for 30 gold pieces
 12387 | D:10     | Bought a scroll labelled WUUFFI FEPNEA for 30 gold pieces
 12520 | D:12     | Noticed a brown ugly thing
 12526 | D:12     | Killed a brown ugly thing
 12652 | D:12     | Noticed a deep elf pyromancer
 12667 | D:12     | Killed a deep elf pyromancer
 13086 | D:12     | Reached skill level 5 in Armour
 13324 | D:13     | Noticed a two-headed ogre
 13333 | D:13     | Killed a two-headed ogre
 13334 | D:13     | Reached skill level 16 in Spellcasting
 13433 | D:13     | Noticed Sonja
 13448 | D:13     | Killed Sonja
 13562 | D:13     | Reached XP level 12. HP: 67/67 MP: 1/34
 13562 | D:13     | Noticed a centaur warrior
 13799 | D:13     | Killed a centaur warrior
 13802 | D:13     | Offered knowledge of Ignite Poison by Vehumet.
 13804 | D:13     | Noticed a five-headed hydra
 13808 | D:13     | Killed a five-headed hydra
 13975 | D:13     | Reached skill level 10 in Conjurations
 13991 | D:13     | Noticed a centaur warrior
 14164 | D:13     | Noticed Frances
 14177 | D:13     | Killed a centaur warrior
 14178 | D:13     | Reached skill level 5 in Fighting
 14386 | D:6      | Reached skill level 17 in Spellcasting
 14387 | D:6      | Killed GrumpyGrim72's ghost
 14499 | D:7      | Killed pokeman's ghost
 14766 | D:8      | Reached **** piety under Vehumet
 15027 | D:2      | Bought a scroll of teleportation for 30 gold pieces
 15027 | D:2      | Bought a scroll of identify for 20 gold pieces
 15027 | D:2      | Bought a scroll of identify for 20 gold pieces
 15027 | D:2      | Bought a scroll of identify for 20 gold pieces
 15027 | D:2      | Bought a scroll of blinking for 75 gold pieces
 15170 | Lair:1   | Killed Gastronok
 15280 | Lair:1   | Noticed Amaemon
 15288 | Lair:1   | Killed Amaemon
 15289 | Lair:1   | Reached skill level 10 in Fire Magic
 15292 | Lair:1   | Offered knowledge of Airstrike by Vehumet.
 15431 | Lair:1   | Reached skill level 18 in Spellcasting
 16113 | Lair:1   | Reached XP level 13. HP: 74/74 MP: 31/37
 17006 | Lair:2   | Found a staircase to the Shoals.
 17341 | Lair:2   | Noticed Harold
 17344 | Lair:2   | Killed Harold
 18218 | Lair:3   | Reached ***** piety under Vehumet
 18335 | Lair:3   | Reached skill level 19 in Spellcasting
 18400 | Lair:3   | Offered knowledge of Fireball by Vehumet.
 18407 | Lair:3   | Learned a level 5 spell: Fireball
 18984 | Lair:3   | Found a hole to the Spider Nest.
 19415 | Lair:4   | Noticed Kirke
 19417 | Lair:4   | Reached skill level 1 in Shields
 19421 | Lair:4   | Killed Kirke
 19808 | Lair:4   | Reached XP level 14. HP: 61/82 MP: 39/39
 20771 | Lair:5   | Entered Level 5 of the Lair of Beasts
 20778 | Lair:5   | Reached skill level 20 in Spellcasting
 20781 | Lair:5   | Offered knowledge of Iskenderun's Battlesphere by Vehumet.
 20926 | Lair:4   | Learned a level 5 spell: Iskenderun's Battlesphere
 21803 | Lair:5   | Found a staircase to the Slime Pits.
 22456 | Lair:5   | Reached skill level 21 in Spellcasting
 23232 | D:13     | Identified the +0 pair of boots of the Tsukumogami {*Slow
                  | Will++ Str+2}
 23288 | D:13     | Killed Frances
 23408 | D:13     | Identified the +1 chain mail of Instinct {Dex+6}
 23745 | D:14     | Reached XP level 15. HP: 84/88 MP: 24/42
 24186 | D:14     | Noticed Louise
 24191 | D:14     | Killed Louise
 24364 | D:14     | Found a gate to the Vaults.
 24535 | D:15     | Entered Level 15 of the Dungeon
 25041 | D:15     | Found a snail-covered altar of Cheibriados.
 25360 | D:15     | Reached skill level 5 in Shields
 25493 | D:15     | Found a staircase to the Depths.
 25816 | D:15     | Offered knowledge of Orb of Destruction by Vehumet.
 25821 | D:15     | Reached skill level 22 in Spellcasting
 25829 | D:15     | Learned a level 7 spell: Orb of Destruction
 26232 | Shoals:1 | Entered Level 1 of the Shoals
 27445 | Shoals:2 | Found Tuotsinu's General Store.
 28390 | Shoals:3 | Noticed Roxanne
 28425 | Shoals:3 | Found a runed translucent gate.
 28425 | Shoals:3 | Found a runed translucent gate.
 28425 | Shoals:3 | Found a runed translucent gate.
 28427 | Shoals:3 | Found an opulent altar of Gozag.
 28429 | Shoals:3 | Noticed MrSquiggles's ghost (adept MiFi)
 28582 | Shoals:3 | Reached XP level 16. HP: 93/93 MP: 37/44
 28939 | Shoals:3 | Reached skill level 23 in Spellcasting
 29591 | Shoals:4 | Entered Level 4 of the Shoals
 29591 | Shoals:4 | Noticed Bai Suzhen
 29598 | Shoals:4 | Killed Bai Suzhen
 29846 | Shoals:4 | HP: 2/93 [merfolk javelineer/silver javelin (13)]
 29846 | Shoals:4 | Hit by a silver javelin thrown by a merfolk javelineer

Illustrated notes

Levels and vault maps discovered:
D:1:      scummos_arrival_gate, layout_basic, kennysheep_decorative_pillar,
          minmay_heptomino_l4
D:2:      minmay_spotlight, layout_loops_cross, serial_shops, shop,
          nicolae_shop_back_alley_shop, nicolae_shop_advertising_works
          [nicolae_subvault_shop_adworks], nicolae_shop_tiny_glass,
          shop_fountains, minmay_goblin_kobold_house
D:3:      layout_basic, mainiacjoe_overflow_alcove_1, serial_shops, shop_statue,
          st_stairs_7, kennysheep_flooded_box
D:4:      layout_layer_cave, minmay_misc_feat_pillars, uniq_menkaure
D:5:      layout_cave_pools, uniq_pikel, uniq_grinder
D:6:      layout_basic, tgw_sif, kennysheep_little_box,
          minmay_temple_entry_glassed_door, gammafunk_ghost_necromancy
D:7:      layout_basic, gammafunk_ghost_icy, chequers_serial_rivers_micro_a,
          nicolae_elemental_shop
D:8:      due_chaos_kobolds, layout_gridville, nemelex_diamond_rough_becter,
          nicolae_qazlal_general_emergency, uniq_prince_ribbit1
D:9:      layout_long_grid, lemuel_crystal_altar, lair_entry_dummy, orc_0_dummy,
          chequers_serial_rivers_micro_a, minmay_shop_enchanted_jewellery
D:10:     layout_rooms, serial_shops, nicolae_shop_stone,
          nicolae_where_there's_smoke
D:11:     layout_loops_ring, serial_shops, kennysheep_mini
D:12:     layout_roguey
D:13:     layout_rooms, uniq_frances, uniq_sonja
D:14:     layout_long_grid, hellmonk_vaults_attempted_burglary,
          minmay_misc_feat_more_columns, uniq_louise
D:15:     hellmonk_depths_entry_around_the_bend, layout_long_grid,
          cheibriados_altar_2, nicolae_letterblocks [nicolae_letter_subblock,
          nicolae_letter_subblock, nicolae_letter_subblock,
          nicolae_letter_subblock, nicolae_letter_subblock,
          nicolae_letter_subblock, nicolae_letter_subblock,
          nicolae_letter_subblock, nicolae_letter_subblock,
          nicolae_letter_subblock, nicolae_letter_subblock,
          nicolae_letter_subblock, nicolae_letter_subblock,
          nicolae_letter_subblock, nicolae_letter_subblock,
          nicolae_letter_subblock, nicolae_letter_subblock,
          nicolae_letter_subblock, nicolae_letter_subblock,
          nicolae_letter_subblock, nicolae_letter_subblock,
          nicolae_letter_subblock, nicolae_letter_subblock,
          nicolae_letter_subblock, nicolae_letter_subblock]
Temple:   kb_temple_of_zot
Lair:1:   beast_lair_carwin_large_2, layout_layer_cave, grunt_megastairs_4,
          infiniplex_staircase_pool_2, lemuel_fruit_fields, uniq_gastronok,
          uniq_amaemon
Lair:2:   layout_long_grid, shoals_dummy_entry, minmay_hedge_maze,
          serial_bayou_pond_c, hibernation_bobbens, uniq_harold
Lair:3:   dragon1_lemuel, layout_regular_city, nicolae_spider_entry_non_spiders,
          chequers_serial_rivers_large_b, ice2_lemuel, serial_bayou_shore_a,
          grunt_megastairs_3, serial_bayou_shore_b, serial_bayou_shore_b
Lair:4:   layout_cave_pods, roderic_carrion_pond, minmay_holes,
          chequers_serial_rivers_micro_d, cheibrodos_lair_reptile_den,
          uniq_kirke
Lair:5:   minmay_lair_end_enchanted_forest, layout_concentric_octagons,
          slime_entry_1, grunt_megastairs_1
Shoals:1: layout_shoals, nicolae_shoals_water_elemental_grotto
Shoals:2: layout_shoals, nicolae_take_the_stairs
Shoals:3: layout_shoals, ebering_ghost_gozag, kb_tengu_band, uniq_roxanne
Shoals:4: shoals_end_grunt_garden, layout_shoals, nicolae_shoals_mertower,
          uniq_bai_suzhen

Skill      XL: |  1  2  3  4  5  6  7  8  9 10 11 12 13 14 15 16 |
---------------+-------------------------------------------------+-----
Spellcasting   | 5 6 7 9 10 12 14 16 18 19 21 22 23 | 23.4
Armour         | 1 2 3 5 6 |  6.5
Fighting       | 1 2 3 4 6 7 8 |  8.0
Conjurations   | 2 3 4 5 6 8 9 10 11 12 13 14 | 14.3
Dodging        | 3 4 |  4.1
Stealth        | 3 4 |  4.2
Fire Magic     | 2 3 5 7 8 10 11 12 13 | 13.8
Ice Magic      | 1 |  1.2
Air Magic      | 1 |  1.1
Earth Magic    | 1 |  1.2
Alchemy        | 1 |  1.2
Evocations     | 1 |  1.2
Shields        | 1 4 6 |  6.7
Summonings     | |  1.1
Translocations | |  1.1

Action                     |  1- 3 |  4- 6 |  7- 9 | 10-12 | 13-15 | 16-18 || total
---------------------------+-------+-------+-------+-------+-------+-------++-------
  Melee: Mace              |     5 |       |       |       |       |       ||     5
         Dagger            |       |     8 |    26 |     8 |    20 |     2 ||    64
         Punch             |       |     1 |       |     1 |       |       ||     2
         Flail             |       |       |       |     6 |       |       ||     6
   Cast: Magic Dart        |   104 |   101 |   147 |    22 |     4 |       ||   378
         Mephitic Cloud    |       |     2 |    12 |    35 |     5 |     1 ||    55
         Blink             |       |     2 |       |     1 |     2 |       ||     5
         Call Imp          |       |     1 |       |     2 |       |       ||     3
         Flame Wave        |       |       |    20 |    21 |       |       ||    41
         Stone Arrow       |       |       |       |    98 |    29 |       ||   127
         Starburst         |       |       |       |    57 |    86 |     8 ||   151
         Fireball          |       |       |       |       |   323 |    44 ||   367
         Iskenderun's Batt |       |       |       |       |     1 |       ||     1
  Evoke: Wand              |       |     4 |       |       |     2 |       ||     6
    Use: Potion            |       |     2 |       |       |       |       ||     2
         Scroll            |       |       |       |    20 |     4 |       ||    24
   Stab: Sleeping          |       |     1 |       |       |       |       ||     1
         Confused          |       |     1 |     7 |     2 |     1 |       ||    11
 Armour: Robe              |    16 |     2 |       |       |       |       ||    18
         Leather armour    |       |    13 |    30 |    66 |    59 |    19 ||   187
  Dodge: Dodged            |    19 |    25 |    45 |    80 |    72 |    21 ||   262
  Block: Other             |       |       |       |       |    11 |     9 ||    20
         Reflection        |       |       |       |       |     1 |     1 ||     2

Table legend: (Time is in decaauts)
 A = Elapsed time spent in this place.
 B = Non-inter-level travel time spent in this place.
 C = Inter-level travel time spent in this place.
 D = Time resting spent in this place.
 E = Time spent auto-exploring this place.
 F = Levels seen in this place.
 G = Mean time per level.
                   A        B        C        D        E       F      G
               +--------+--------+--------+--------+--------+-----+--------+
         Total |  30152 |  27786 |   2366 |   2098 |  22544 |  25 | 1206.1 |
       Dungeon |  18609 |  16952 |   1657 |   1019 |  13996 |  15 | 1240.6 |
        Temple |    133 |     80 |     53 |      0 |      0 |   1 |  133.0 |
          Lair |   7734 |   7266 |    468 |    822 |   5634 |   5 | 1546.8 |
        Shoals |   3674 |   3487 |    187 |    257 |   2913 |   4 |  918.5 |
               +--------+--------+--------+--------+--------+-----+--------+

Top non-repeatable levels by time:
  Lair:3: 1802 daAuts
  Lair:5: 1703 daAuts
  Lair:4: 1643 daAuts
     D:9: 1566 daAuts
Shoals:3: 1566 daAuts
    D:15: 1554 daAuts
     D:6: 1539 daAuts
  Lair:1: 1537 daAuts
     D:2: 1518 daAuts
     D:4: 1502 daAuts
     D:7: 1413 daAuts
    D:12: 1258 daAuts
     D:1: 1195 daAuts
    D:11: 1170 daAuts
     D:8: 1144 daAuts
